Map: Frost LE

Players

IIIIIIIIII - Winner!

  • Race: Terran Terran
  • League: Diamond

Scyt

  • Race: Zerg Zerg
  • League: Master

VOD

Have the link to the VOD?

Description

Time

  • Played on: Aug. 7, 2016, 6:50 p.m.
  • Length: 5:07
Show
View Real Time Build Order
Export as new Build Order

IIIIIIIIII Terran - Winner!

Build Orders:  

Get SALT Encoding   

  12  0:01  SCV  
  13  0:13  SCV  
  14  0:17  Supply Depot  
  14  0:25  SCV  
  15  0:28  Refinery  
  15  0:45  Barracks  
  15  0:51  SCV  
  16  1:03  Barracks  
  16  1:20  Barracks  
  16  1:32  Reaper  
  17  1:39  Orbital Command  
  17  1:48  Refinery  
  17  1:52  Reaper  
  18  2:04  Reaper, SCV  
  20  2:08  Reaper  
  21  2:17  SCV  
  22  2:26  Supply Depot  
  22  2:32  Reaper  
  23  2:37  SCV  
  23  2:41  Reaper  
  25  2:47  Reaper  
  26  2:53  SCV  
  27  3:04  Reaper  
  28  3:13  Reaper  
  28  3:19  Reaper, SCV  
  31  3:31  SCV  
  32  3:36  Reaper  
  32  3:37  Barracks  
  32  3:39  Supply Depot  
  33  3:45  Reaper  
  33  3:48  SCV  
  35  3:51  Reaper  
  36  4:00  SCV  
  37  4:08  Reaper  
  38  4:12  SCV  
  38  4:18  Reaper  
  38  4:23  Reaper  
  40  4:24  Reaper, SCV  
  40  4:25  Barracks  
  42  4:40  SCV  
  42  4:44  Supply Depot x2  
Show
View Real Time Build Order
Export as new Build Order

Scyt Zerg 

Build Orders: Hatch First 

Get SALT Encoding   

  12  0:01  Drone  
  13  0:08  Drone  
  14  0:34  Hatchery  
  13  0:37  Drone  
  14  0:46  Extractor, Drone  
  15  1:00  Spawning Pool  
  14  1:05  Extractor, Drone  
  14  1:09  Overlord  
  15  1:28  Drone x3  
  18  1:45  Drone  
  18  1:46  Queen  
  18  1:47  Queen  
  23  2:05  Hatchery  
  22  2:09  Drone  
  23  2:22  Queen  
  23  2:24  Queen  
  23  2:27  Drone  
  28  2:32  Overlord  
  28  2:44  Overlord  
  28  2:51  Drone x4  
  32  2:52  Drone  
  32  2:56  Drone  
  32  2:57  Drone  
  35  3:03  Drone x2  
  37  3:11  Overlord  
  36  3:22  Queen  
  38  3:27  Queen  
  38  3:30  Spine Crawler  
  39  3:47  Overlord  
  39  3:49  Drone x2  
  41  3:57  Queen  
  43  4:21  Queen  
  45  4:36  Overlord  
  45  4:37  Drone x2  
  45  4:38  Drone x2  
  51  4:42  Roach Warren  
  51  4:43  Extractor  
Tags
 
Add a new tag
Caveats
  • Supply blocks, unpowered buildings, or Contaminate may cause inaccurate times.
  • Supply counts are checked every 10 seconds.